 Dungeon Crawl Stone Soup version 0.29-a0-380-gf50f0a9fbc (webtiles) character file.

Game seed: 17596123482762711742

357 holysushi the Insei (level 6, -1/41 HPs)
             Began as an Octopode Transmuter on May 6, 2022.
             Was an Elder of Ignis.
             Blown up by Pikel (10 damage)
             ... with a mindburst bolt
             ... on level 4 of the Dungeon.
             The game lasted 00:09:23 (5143 turns).

holysushi the Insei (Octopode Transmuter)           Turns: 5143, Time: 00:09:25

Health: -1/41      AC:  2    Str:  9    XL:     6   Next: 64%
Magic:  0/9        EV: 20    Int: 21    God:    Ignis [****..]
Gold:   184        SH:  0    Dex: 20    Spells: 3/9 levels left

rFire   + . .      SeeInvis .     - Unarmed
rCold   . . .      Faith    .   (shield currently unavailable)
rNeg    . . .      Spirit   +   (helmet currently unavailable)
rPois   x          Reflect  .   q - amulet of guardian spirit
rElec   .          Harm     .   d - +6 ring of intelligence
rCorr   .          Rampage  .   k - ring of flight
Will    .....                   (no ring)
Stlth   ++........              (no ring)
HPRegen 0.13/turn               (no ring)
MPRegen 0.11/turn               (no ring)
                                (no ring)
                                (no ring)

@: spider-form (expiring), flying
A: venomous fangs, almost no armour, (amphibious), 8 rings, tiny, (camouflage
1), (gelatinous body 1), (nimble swimmer 1), (tentacles)
a: End Transformation, Renounce Religion, Fiery Armour, Foxfire Swarm, Rising
Flame


You were on level 4 of the Dungeon.
You worshipped Ignis.
Ignis was greatly pleased with you.
You were a venomous arachnid creature.
You visited 1 branch of the dungeon, and saw 5 of its levels.

You collected 184 gold pieces.

Inventory:

Missiles
 j - 2 throwing nets
Jewellery
 d - a +6 ring of intelligence (left front leg)
 k - a ring of flight (right front leg)
 q - an amulet of guardian spirit (around neck)
Wands
 o - a wand of polymorph (10)
Scrolls
 a - a scroll of torment
 c - a scroll of enchant weapon
 e - 3 scrolls of teleportation
 g - a scroll of enchant armour
 h - a scroll of magic mapping
 n - a scroll of amnesia {unknown}
Potions
 b - 3 potions of curing
 f - a potion of degeneration
 i - 2 potions of heal wounds
 l - 2 potions of mutation
 m - 2 potions of flight {unknown}
 p - a potion of invisibility {unknown}
 r - a potion of haste


   Skills:
 + Level 2.8 Fighting
 + Level 2.9 Dodging
 - Level 2.0 Stealth
 * Level 5.2 Unarmed Combat
 - Level 2.0 Spellcasting
 - Level 2.9 Transmutations
 - Level 2.0 Poison Magic


You had 3 spell levels left.
You knew the following spells:

 Your Spells              Type           Power      Damage    Failure   Level
a - Beastly Appendage     Tmut           28%        N/A       13%         1
b - Wereblood             Tmut           14%        N/A       19%         2
c - Spider Form           Tmut/Pois      12%        N/A       34%         3

Your spell library contained the following spells:

 Spells                   Type           Power      Damage    Failure   Level
 Blink                    Tloc           4%         N/A       43%         2
 Ignite Poison            Fire/Tmut/Pois 9%         N/A       43%         3
 Mephitic Cloud           Conj/Pois/Air  4%         N/A       56%         3
 Lesser Beckoning         Tloc           2%         N/A       63%         3
 Ice Form                 Ice/Tmut       8%         N/A       82%         4
 Freezing Cloud           Conj/Ice/Air   1%         6-21      99%         5
 Manifold Assault         Tloc           2%         N/A       99%         5


Dungeon Overview and Level Annotations

Branches:
Dungeon (5/15)
 Temple: D:4-7

Altars:
Hepliaklqana
Nemelex Xobeh
Wu Jian
Zin
Ignis

Shops:
D:1 (   D:4 (

Annotations:
D:4 Pikel


Innate Abilities, Weirdness & Mutations

You are a venomous arachnid creature.
You have poisonous fangs.
You are tiny and dextrous.
Your spellcasting is less reliable in this form.
Your armour is entirely melded.
You are incapable of wielding weapons or throwing items.
You cannot wear most types of armour.
((You are amphibious.))
You can wear up to eight rings at the same time.
((Your skin changes colour to match your surroundings (Stealth+).))
((Your rubbery body absorbs attacks. (AC +1, EV +1)))
((You are camouflaged when in or above water. (Stealth+)))
((You have tentacles for arms and can constrict up to eight enemies at once.))


Message History

Casting: Wereblood (safe; 7% risk of failure)
Confirm with . or Enter, or press ? or * to list all spells.
You turn into a venomous arachnid creature.
Pikel hits you with a +0 whip of freezing.
Pikel freezes you.
Unknown command.
You hit Pikel but do no damage.
Pikel is poisoned.
You hit Pikel.
Pikel looks as sick as possible!
Pikel is lightly wounded.
Pikel drinks a potion.
Pikel is healed!
Pikel looks more healthy.
You barely miss Pikel.
Pikel hits you with a +0 whip of freezing!
Pikel freezes you.
You hit Pikel but do no damage.
Pikel is poisoned.
Pikel completely misses you.
You hit Pikel but do no damage.
Pikel is lightly wounded.
Pikel zaps a wand.
You barely resist. You bite Pikel!
Pikel looks as sick as possible!
Pikel is moderately wounded.
Pikel hits you with a +0 whip of freezing.
Pikel freezes you.
Unknown command.
You hit Pikel but do no damage.
Pikel looks as sick as possible!
Pikel is moderately wounded.
Pikel closely misses you.
Unknown command.
You barely miss Pikel.
Pikel is heavily wounded.
Your transformation is almost over.
Pikel hits you with a +0 whip of freezing.
Pikel freezes you.
Unknown command.
Pikel attacks as you move away! Pikel barely misses you.
Pikel attacks as you move away!
Pikel hits you with a +0 whip of freezing!
* * * LOW HITPOINT WARNING * * *
Pikel freezes you.
* * * LOW HITPOINT WARNING * * *
Pikel zaps a wand.
Your mind is blasted!
You die...

...#......#...##....## #....#..
((.#....####.........# ##....##.
(.(#....# ##.....[).## #....###.
(..#.)..## ##...[.)..# #....# #.
...#.....# ##.......###...## #.
.(.#.....## #.........#..).# #.
####......# ##..............# #.
......#...###..............## ##.
......#...>...K.s...........###..
......##.................#.......
.###..##.....##...........##.....
....#......#####.......#...#..###
...........# ##...#####....##
...........######..## ##...#
..................## #...#
........##.........## ##...####
.......####..###....#####........


You could see Pikel (very poisoned).

Vanquished Creatures
  A scorpion (D:3)
  2 orc wizards (D:4)
  Terence (D:3)
  7 gnolls
  4 adders
  3 worms
  2 dart slugs
  9 orcs (D:4)
  8 bats
  10 endoplasms
  2 giant cockroaches
  8 goblins
  7 hobgoblins
  8 jackals
  3 training dummies (D:4)
  3 ball pythons
  4 frilled lizards
  16 kobolds
  7 rats
105 creatures vanquished.

Vanquished Creatures (others)
  38 foxfires (D:3)
  A plant (D:1)
39 creatures vanquished.

Grand Total: 144 creatures vanquished

Notes
Turn   | Place    | Note
-------+----------+-------------------------------------------
     0 | D:1      | holysushi the Octopode Transmuter began the quest for the
                  | Orb.
     0 | D:1      | Reached XP level 1. HP: 13/13 MP: 3/3
    19 | D:1      | Found Jiciudug's Antique Weapon Shoppe.
    92 | D:1      | Reached XP level 2. HP: 5/18 MP: 0/5
   355 | D:1      | Learned a level 2 spell: Wereblood
   391 | D:1      | Reached XP level 3. HP: 7/24 MP: 6/6
   742 | D:1      | Found a faded altar of an unknown god.
   757 | D:1      | Prayed at the altar of an unknown god.
   757 | D:1      | Became a worshipper of Ignis, the Dying Flame
   987 | D:1      | Reached skill level 4 in Unarmed Combat
   995 | D:1      | Learned a level 3 spell: Spider Form
  1076 | D:2      | You fall into a shaft and drop 1 floor!
  1076 | D:3      | Noticed Terence
  1085 | D:3      | Killed Terence
  1086 | D:3      | Reached XP level 4. HP: 13/29 MP: 7/7
  1414 | D:2      | Reached skill level 1 in Stealth
  1533 | D:2      | Reached skill level 1 in Poison Magic
  2413 | D:3      | Noticed a scorpion
  2427 | D:3      | Killed a scorpion
  2428 | D:3      | Reached XP level 5. HP: 14/35 MP: 2/8
  2846 | D:3      | Reached XP level 6. HP: 36/41 MP: 9/9
  3748 | D:4      | Found a sparkling altar of Nemelex Xobeh.
  3751 | D:4      | Found a glowing silver altar of Zin.
  3776 | D:4      | Found an ornate altar of the Wu Jian Council.
  3776 | D:4      | Found a hazy altar of Hepliaklqana.
  3864 | D:4      | Reached skill level 5 in Unarmed Combat
  4201 | D:4      | Found Carrien's Firing Range.
  5126 | D:5      | Entered Level 5 of the Dungeon
  5126 | D:5      | Noticed Pikel
  5143 | D:4      | Blown up by Pikel

Illustrated notes

Levels and vault maps discovered:
D:1:      tarquinn_simple_flora_water_b, layout_rooms, serial_shops,
          shop_fountains, shapermc_ecumenical_altar_notcrosses
D:2:      layout_basic
D:3:      layout_basic, uniq_terence
D:4:      layout_layer_cave, minitemple, nicolae_shop_firing_range
D:5:      layout_rooms, minmay_temple_entry_fiery, uniq_pikel

Skill      XL: |  1  2  3  4  5  6 |
---------------+-------------------+-----
Unarmed Combat | 4 5 |  5.2
Fighting       | 2 |  2.8
Stealth        | 1 2 |  2.0
Poison Magic   | 1 2 |  2.0
Dodging        | |  2.9
Spellcasting   | |  2.0
Transmutations | |  2.9

Action                   |  1- 3 |  4- 6 || total
-------------------------+-------+-------++-------
Melee: Unarmed           |    55 |   176 ||   231
       Constrict         |    11 |    36 ||    47
       Kick              |    11 |    23 ||    34
       Tentacles         |     8 |    28 ||    36
       Punch             |     1 |     5 ||     6
 Cast: Beastly Appendage |    15 |    23 ||    38
       Wereblood         |       |     6 ||     6
       Spider Form       |       |     7 ||     7
Invok: Foxfire Swarm     |     2 |       ||     2
  Use: Potion            |     3 |     3 ||     6
       Scroll            |       |     7 ||     7
 Stab: Sleeping          |     4 |     9 ||    13
       Distracted        |     1 |       ||     1
Armor: Skin              |    10 |    12 ||    22
Dodge: Dodged            |    23 |   122 ||   145

Table legend: (Time is in decaauts)
 A = Elapsed time spent in this place.
 B = Non-inter-level travel time spent in this place.
 C = Inter-level travel time spent in this place.
 D = Time resting spent in this place.
 E = Time spent auto-exploring this place.
 F = Levels seen in this place.
 G = Mean time per level.
                   A        B        C        D        E       F      G
               +--------+--------+--------+--------+--------+-----+--------+
         Total |   5109 |   4990 |    119 |   1265 |   2709 |   5 | 1021.8 |
       Dungeon |   5109 |   4990 |    119 |   1265 |   2709 |   5 | 1021.8 |
               +--------+--------+--------+--------+--------+-----+--------+

Top non-repeatable levels by time:
     D:4: 1611 daAuts
     D:2: 1262 daAuts
     D:3: 1198 daAuts
     D:1: 1034 daAuts
     D:5: 1 daAuts
